 Dungeon Crawl Stone Soup version 0.20.0-15-g7f486f2 (webtiles) character file.

35 miragecloak the Changer (level 3, 0/23 HPs)
             Began as an Octopode Transmuter on June 14, 2017.
             Succumbed to miscasting Spider Form's residual poison
             ... on level 2 of the Dungeon.
             The game lasted 00:00:57 (1245 turns).

miragecloak the Changer (Octopode Transmuter)       Turns: 1245, Time: 00:00:57

Health: 0/23       AC:  1    Str:  9    XL:     3   Next: 33%
Magic:  1/6        EV: 19    Int: 15    God:
Gold:   128        SH:  0    Dex: 18    Spells: 2/6 levels left

rFire    . . .     SeeInvis .     - Unarmed
rCold    . . .     Gourm    .   (no shield)
rNeg     . . .     Faith    .   (helmet restricted)
rPois    .         Spirit   .   (no amulet)
rElec    .         Reflect  .   (no ring)
rCorr    .         Harm     .   (no ring)
MR       .....                  (no ring)
Stlth    ++++......             (no ring)
Regen    0.1/turn               (no ring)
MPRegen  0.1/turn               (no ring)
                                (no ring)
                                (no ring)

@: agile, lethally poisoned (0 -> -11), very slightly contaminated
A: almost no armour, stealthy swim, amphibious, 8 rings, constrict 8, camouflage
1, gelatinous body 1
a: no special abilities


You were on level 2 of the Dungeon.
You were hungry.

You visited 1 branch of the dungeon, and saw 2 of its levels.

You collected 128 gold pieces.

Inventory:

Missiles
 a - 12 arrows
Jewellery
 g - an uncursed ring of stealth {unknown}
Scrolls
 f - a scroll of remove curse {unknown}
 h - 2 scrolls of fog {unknown}
 i - a scroll of random uselessness {unknown}
 j - 5 scrolls of identify {unknown}
 l - a scroll of teleportation {unknown}
Potions
 e - 2 potions of agility
 k - a potion of curing
 m - a potion of degeneration {unknown}
Books
 b - a book of Changes

   Spells                             Type                      Level
   a - Beastly Appendage              Transmutation                1
   b - Sticks to Snakes               Transmutation                2
   c - Spider Form                    Transmutation/Poison         3
   d - Ice Form                       Ice/Transmutation            4
   e - Blade Hands                    Transmutation                5
Comestibles
 c - a bread ration
 d - a meat ration


   Skills:
 - Level 1.0 Fighting
 - Level 2.0 Dodging
 - Level 3.0 Unarmed Combat
 - Level 2.0 Spellcasting
 + Level 3.5 Transmutations
 * Level 0.5 Poison Magic


You had 2 spell levels left.
You knew the following spells:

 Your Spells              Type           Power        Failure   Level  Hunger
a - Beastly Appendage     Tmut           ##....       5%          1    #......
b - Spider Form           Tmut/Pois      #.........   28%         3    ###....


Dungeon Overview and Level Annotations

Branches:
Dungeon (2/15)

Altars:


Innate Abilities, Weirdness & Mutations

You cannot wear most types of armour.
You are very stealthy in the water. (Stealth+)
You are amphibious.
You can wear up to eight rings at the same time.
You can use your tentacles to constrict eight enemies at once.
Your skin changes colour to match your surroundings (Stealth+).
Your rubbery body absorbs attacks. (AC +1, EV +1)


Message History

You tentacle-slap the worm but do no damage.
You grab the worm.
The worm is moderately wounded.
You constrict the worm. The worm bites you!
* * * LOW HITPOINT WARNING * * *
You constrict the worm.
You release your grip on the worm.
A goblin comes into view. It is wielding a dagger.
The goblin moves out of view.
The worm looks more healthy.
Casting: Spider Form
Confirm with . or Enter, or press ? or * to list all spells.
You miscast Spider Form.
You are very lightly contaminated with residual magic.
You are lethally poisoned!
You feel sick.
* * * LOW HITPOINT WARNING * * *
You feel sick.
Unknown command.
You die...

.# ##########....##.......... .#
#.............##.......... .#####
#..........#####.......... ......
+........w.# #..........
########..........#####..........
.......'..............'..........
......##.......g..#####......[...
......##..........# #..........
......######'###@## ######.###+
.†....# #..##.# #...#.
......#######.##.# ######.#.
......##...##..#.# #....#.#.
########.#.###.#.# #....#.#.
#...#.# #...# #....#... # #.###.#
##..# #....#... # #.# #.####..#
###....#... ######.###......>#
............


You could see a worm and a goblin.

Vanquished Creatures
  2 adders (D:2)
  2 leopard geckos (D:2)
  A giant cockroach (D:2)
  A goblin (D:1)
  3 kobolds
  5 bats
  4 rats
18 creatures vanquished.

Notes
Turn   | Place    | Note
-------+----------+-------------------------------------------
     0 | D:1      | miragecloak the Octopode Transmuter began the quest for the Orb.
     0 | D:1      | Reached XP level 1. HP: 13/13 MP: 3/3
   283 | D:1      | Reached XP level 2. HP: 14/18 MP: 3/5
  1070 | D:2      | Reached XP level 3. HP: 23/23 MP: 6/6
  1080 | D:2      | Learned a level 3 spell: Spider Form
  1233 | D:2      | HP: 1/23 [worm (10)]
  1244 | D:2      | HP: 1/23 [poisoned by miscasting Spider Form (residual poison)]
  1245 | D:2      | Succumbed to miscasting Spider Form's residual poison

Skill      XL: |  1  2 |
---------------+-------+-----
Transmutations | 3 |  3.5
Fighting       | |  1.0
Dodging        | |  2.0
Unarmed Combat | |  3.0
Spellcasting   | |  2.0
Poison Magic   | |  0.5

Action                   || total
-------------------------++-------
Melee: Unarmed           ||    49
       Constrict         ||    13
       Tentacles         ||     8
       Kick              ||     5
       Punch             ||     2
 Cast: Beastly Appendage ||    11
       Spider Form       ||     3
  Use: Potion            ||     2
 Stab: Sleeping          ||     5
  Eat: Chunk             ||     1
Armor: Skin              ||     5
Dodge: Dodged            ||    33
